 Dungeon Crawl Stone Soup version 0.24-a0-462-ge24419a6ad (console) character file.

Game seed: 3857414486417054567

1617 Lexodia the Shield-Bearer (level 8, -5/58 HPs)
             Began as a Demonspawn Fighter on July 2, 2019.
             Was an Initiate of Uskayaw.
             Slain by a crocodile (15 damage)
             ... in a sewer.
             The game lasted 00:17:24 (4770 turns).

Lexodia the Shield-Bearer (Demonspawn Fighter)      Turns: 4770, Time: 00:17:25

Health: -5/58      AC: 10    Str: 18    XL:     8   Next: 64%
Magic:  0/9        EV:  5    Int: 10    God:    Uskayaw [......]
Gold:   317        SH: 10    Dex: 13    Spells: 7/7 levels left

rFire    . . .     SeeInvis .     - Unarmed
rCold    + . .     Gourm    .   b - +0 shield
rNeg     . . .     Faith    .   m - +0 chain mail
rPois    .         Spirit   +   (helmet restricted)
rElec    .         Reflect  .   k - +0 cloak
rCorr    +         Harm     .   o - +0 pair of gloves
MR       .....                  (no boots)
Stlth    ..........             q - amulet of magic regeneration
HPRegen  0.19/turn              (no ring)
MPRegen  0.36/turn              i - ring of resist corrosion

@: studying Stealth, heavily drained
A: antennae 1, hooves 2, cold resistance 1, magic shield
a: Renounce Religion


You were in a sewer.
You worshipped Uskayaw.
Uskayaw was noncommittal.
You were hungry.

You visited 2 branches of the dungeon, and saw 8 of its levels.
You also visited: Sewer.

You collected 317 gold pieces.

Inventory:

Armour
 b - a +0 shield (worn)
 k - a +0 cloak (worn)
 m - a +0 chain mail (worn)
 o - a +0 pair of gloves (worn)
Jewellery
 h - an uncursed amulet of the acrobat
 i - a ring of resist corrosion (right hand)
 l - an uncursed ring of wizardry
 q - an amulet of magic regeneration (around neck)
 r - an uncursed amulet of harm
 s - an uncursed ring of ice
Wands
 v - a wand of digging (7)
Scrolls
 c - a scroll of identify
 e - a scroll of fog
 g - 7 scrolls of remove curse
Potions
 a - 2 potions of agility
 f - 2 potions of magic
 n - a potion of curing
 p - 2 potions of invisibility
 t - a potion of haste {unknown}
 u - a potion of lignification
Books
 j - a manual of Stealth
Comestibles
 d - 9 rations
 w - 6 chunks of flesh


   Skills:
 - Level 3.0(1.5) Fighting
 + Level 3.3(1.9) Armour
 - Level 4.3(2.8) Stealth
 + Level 7.0(5.4) Shields
 + Level 6.6(5.0) Unarmed Combat
 + Level 2.6(1.1) Invocations


You had 7 spell levels left.
You didn't know any spells.
Your spell library contained the following spells:

 Spells                   Type           Power        Failure   Level  Hunger
 Freeze                   Ice            #...         100%        1    ##.....
 Throw Frost              Conj/Ice       #.....       100%        2    ###....
 Ozocubu's Armour         Chrm/Ice       #.......     100%        3    ####...
 Summon Ice Beast         Ice/Summ       #.......     100%        4    #####..
 Throw Icicle             Conj/Ice       #.......     100%        4    #####..


Dungeon Overview and Level Annotations

Branches:
Dungeon (7/15)             Temple (1/1) D:5

Altars:
Ashenzari
Cheibriados
Dithmenos
Elyvilon
Fedhas
Gozag
Hepliaklqana
Kikubaaqudgha
Makhleb
Nemelex Xobeh
Okawaru
Qazlal
Ru
Trog
Uskayaw
Vehumet
Wu Jian
Yredelemnul
Zin
The Shining One

Shops:
D:4 :

Annotations:
D:3 3 runed translucent doors, hemabe's ghost, amateur HuAr


Innate Abilities, Weirdness & Mutations

You have a pair of small antennae on your head.
You have hoof-like feet.
Your flesh is cold resistant. (rC+)
When hurt, damage is shared between your health and your magic reserves.


Message History

The crocodile bites you.
* * * LOW HITPOINT WARNING * * *
Damage: -3%(-2hp) hp: 25%(14hp) Unknown command.
You stomp with the beat, sending a shockwave through the revelers around you!
The crocodile is severely wounded.
You are feeling hungry.
You can no longer stomp with the beat.
The crocodile bites you.
* * * LOW HITPOINT WARNING * * *
You can now stomp with the beat.
Huge Dmg: -9%(-5hp) hp: 16%(9hp)
You don't have enough magic at the moment.
Okay, then.
You stomp with the beat, sending a shockwave through the revelers around you!
The crocodile is almost dead.
You feel somewhat more hungry.
You can no longer stomp with the beat.
The crocodile bites you!
You die...

#.# #.# #.#
####### #.#
##.....## #.#
#...≈...## #.#
...≈≈≈...#######.#
∩.≈≈≈≈≈.........@#
...≈≈≈...#######t#
#÷÷.≈...## #.#
##.....## #.#
####### #.# ...
..... .......
#.......#


You could see a crocodile.

Vanquished Creatures
  Grinder (D:3)
  Sigmund (D:3)
  Duvessa (D:4)
  2 ice beasts
  A bullfrog (D:6)
  Dowan (D:4)
  3 scorpions
  An electric eel (D:6)
  A crimson imp (D:6)
  A jelly (D:6)
  A centaur zombie (D:5)
  2 hounds
  An orc wizard (D:3)
  2 iguanas (D:4)
  Terence (D:3)
  6 worker ants
  A howler monkey skeleton (D:5)
  10 adders
  4 gnolls (D:5)
  2 shadow imps (D:5)
  3 oozes
  An adder skeleton (D:5)
  3 worms
  A dart slug (D:1)
  3 leopard geckos
  12 orcs
  3 ball pythons
  8 giant cockroaches
  6 goblins
  4 hobgoblins
  8 jackals
  4 kobolds
  5 quokkas
  8 bats
  5 frilled lizards
  4 rats
121 creatures vanquished.

Notes
Turn   | Place    | Note
-------+----------+-------------------------------------------
     0 | D:1      | Lexodia the Demonspawn Fighter began the quest for the Orb.
     0 | D:1      | Reached XP level 1. HP: 18/18 MP: 1/1
   122 | D:1      | Huge Dmg: 2 dmg
   123 | D:1      | Reached skill level 3 in Shields
   123 | D:1      | Gained mutation: When hurt, damage is shared between your
                  | health and your magic reserves. [demonic ancestry]
   123 | D:1      | Reached XP level 2. HP: 9/24 MP: 2/2
  1012 | D:2      | Gained mutation: You have a pair of small antennae on your
                  | head. [demonic ancestry]
  1012 | D:2      | Reached XP level 3. HP: 20/29 MP: 3/3
  1046 | D:2      | Found a glowing golden altar of the Shining One.
  1545 | D:2      | Found a shattered altar of Ashenzari.
  1856 | D:3      | Found a runed translucent gate.
  1856 | D:3      | Found a runed translucent gate.
  1856 | D:3      | Found a runed translucent gate.
  1856 | D:3      | Noticed hemabe's ghost (amateur HuAr)
  1880 | D:3      | Noticed Sigmund
  1895 | D:3      | Killed Sigmund
  1895 | D:3      | Reached skill level 4 in Shields
  1895 | D:3      | Gained mutation: You have large cloven feet. [demonic
                  | ancestry]
  1895 | D:3      | Reached XP level 4. HP: 33/35 MP: 4/4
  1895 | D:3      | Gained mutation: Your flesh is cold resistant. (rC+)
                  | [demonic ancestry]
  1895 | D:3      | Reached XP level 5. HP: 38/41 MP: 5/5
  1971 | D:3      | Gained mutation: You have hoof-like feet. [demonic
                  | ancestry]
  1971 | D:3      | Reached XP level 6. HP: 32/47 MP: 3/6
  2067 | D:3      | Noticed Grinder
  2075 | D:3      | Huge Dmg: 11 dmg
  2075 | D:3      | Paralysed by Grinder for 2 turns
  2080 | D:3      | Killed Grinder
  2080 | D:3      | Reached skill level 5 in Shields
  2080 | D:3      | Reached skill level 5 in Unarmed Combat
  2088 | D:3      | Huge Dmg: 15 dmg
  2334 | D:3      | Reached XP level 7. HP: 48/52 MP: 7/7
  2362 | D:3      | Noticed Terence
  2369 | D:3      | Killed Terence
  2518 | D:4      | Found Ipeluus's Book Emporium.
  2565 | D:4      | Huge Dmg: 14 dmg
  2694 | D:4      | Huge Dmg: 6 dmg
  2695 | D:4      | Reached skill level 6 in Shields
  2752 | D:4      | Reached skill level 1 in Stealth
  2928 | D:4      | Noticed Duvessa
  2928 | D:4      | Noticed Dowan
  2952 | D:4      | Killed Duvessa
  2958 | D:4      | Killed Dowan
  3074 | D:4      | Found a stormy altar of Qazlal.
  3240 | D:4      | Reached XP level 8. HP: 56/58 MP: 8/8
  3420 | D:5      | Entered Level 5 of the Dungeon
  3676 | D:5      | Found a bloodstained altar of Trog.
  3676 | D:5      | Found a burning altar of Makhleb.
  3709 | D:5      | Got an ancient short sword
  3710 | D:5      | Identified the cursed +1 short sword of Uskayaw's Delight
                  | {drain, Fragile rPois Dex+7} (You found it on level 5 of
                  | the Dungeon)
  3723 | D:5      | Found a blossoming altar of Fedhas.
  3731 | D:5      | Found a staircase to the Ecumenical Temple.
  3777 | Temple   | Entered the Ecumenical Temple
  3834 | Temple   | Became a worshipper of Uskayaw the Reveler
  3847 | D:5      | Reached * piety under Uskayaw
  3851 | D:5      | Reached ** piety under Uskayaw
  4126 | D:6      | Reached skill level 1 in Invocations
  4128 | D:6      | Reached *** piety under Uskayaw
  4132 | D:6      | Reached **** piety under Uskayaw
  4413 | D:6      | Reached skill level 7 in Shields
  4414 | D:6      | Huge Dmg: 15 dmg
  4533 | D:6      | Huge Dmg: 18 dmg
  4666 | D:6      | Found an ornate altar of the Wu Jian Council.
  4717 | D:6      | Found a glowing drain.
  4721 | Sewer    | Entered a sewer
  4761 | Sewer    | Huge Dmg: 9 dmg
  4763 | Sewer    | Huge Dmg: 6 dmg
  4767 | Sewer    | Huge Dmg: 5 dmg
  4770 | Sewer    | Slain by a crocodile

Levels and vault maps discovered:
D:1:      erik_arrival_triangle_medium, layout_basic
D:2:      layout_basic, lemuel_coloured_pillars_altar, tso_metal_star,
          kennysheep_cross_bottleneck
D:3:      layout_rooms, gammafunk_ghost_necromancy, kennysheep_pointless_box,
          uniq_grinder, uniq_sigmund, uniq_terence
D:4:      layout_gridville, nicolae_qazlal_general_emergency, first_ration,
          serial_shops, shop, minmay_manual_mandibuliform, uniq_duvessa
D:5:      layout_cave_pools, nicolae_overflow_hidden_temple,
          minmay_temple_entry_tees
D:6:      layout_rooms, marbit_many_paths, gup_sewer_entry_bowl, serial_glass,
          glass_columns_b, glass_columns_b, serial_bayou_lake_a
D:7:      layout_gridville, minmay_bent, uniq_prince_ribbit1
Temple:   cyrus_circular_temple
Sewer:    sewer_big_baddie

Skill      XL: |  1  2  3  4  5  6  7  8 |
---------------+-------------------------+-----
Unarmed Combat | 2 4 5 6 |  6.6
Shields        | 3 4 5 6 7 |  7.0
Stealth        | 3 4 |  4.3
Invocations    | 2 |  2.6
Armour         | 3 |  3.3
Fighting       | |  3.0

Action                   |  1- 3 |  4- 6 |  7- 9 || total
-------------------------+-------+-------+-------++-------
Melee: Unarmed           |   186 |    74 |   318 ||   578
       Kick              |       |    24 |    79 ||   103
Invok: Stomp             |       |       |     4 ||     4
  Use: Potion            |     1 |     2 |     3 ||     6
       Scroll            |       |       |    12 ||    12
 Stab: Paralysed         |       |       |     2 ||     2
  Eat: Chunk             |     3 |     2 |     8 ||    13
Armor: Scale mail        |    64 |    17 |    16 ||    97
       Chain mail        |       |       |   105 ||   105
       Skin              |       |       |    19 ||    19
Dodge: Dodged            |    51 |    28 |    44 ||   123
Block: Shield            |    82 |    38 |   142 ||   262

Table legend:
 A = Non-vault XP
 B = Vault XP
 C = Vault XP percentage of total XP
 D = Non-vault monster count
 E = Vault monster count
 F = Vault count percentage of total count
                 A         B        C        D         E       F
            +---------+---------+-------+---------+---------+-------
      Total |    1492 |     818 |  35.4 |     104 |      17 |  14.0
            +---------+---------+-------+---------+---------+-------
        D:1 |      33 |       0 |   0.0 |      17 |       0 |   0.0
        D:2 |      44 |       0 |   0.0 |       9 |       0 |   0.0
        D:3 |     173 |     525 |  75.2 |      22 |       3 |  12.0
        D:4 |     384 |     279 |  42.1 |      26 |       6 |  18.8
        D:5 |     420 |       0 |   0.0 |      17 |       0 |   0.0
        D:6 |     438 |       7 |   1.6 |      13 |       3 |  18.8
      Sewer |       0 |       7 | 100.0 |       0 |       5 | 100.0
            +---------+---------+-------+---------+---------+-------
